 Dungeon Crawl Stone Soup version 0.24-a0-536-gdd4cf15 (webtiles) character file.

Game seed: 2052109472211786236

16239 snetch the Fighter (level 12, -13/113 HPs)
             Began as a Minotaur Berserker on Aug 12, 2019.
             Was a High Priest of Trog.
             Mangled by a skeletal warrior
             ... wielding a +0 battleaxe
              (24 damage)
             ... on level 12 of the Dungeon.
             The game lasted 00:51:58 (10942 turns).

snetch the Fighter (Minotaur Berserker)            Turns: 10942, Time: 00:51:58

Health: -13/113    AC: 21    Str: 27    XL:     12   Next: 8%
Magic:  12/12      EV: 16    Int:  4    God:    Trog [*****.]
Gold:   784        SH:  0    Dex: 13    Spells: 11/11 levels left

rFire    . . .     SeeInvis .   a - +4 battleaxe
rCold    . . .     Gourm    .   (shield currently unavailable)
rNeg     + . .     Faith    +   E - +4 scale mail of Inevitability {rN+ MR++}
rPois    .         Spirit   .   (helmet restricted)
rElec    .         Reflect  .   o - +0 cloak
rCorr    .         Harm     .   M - +1 pair of gloves
MR       ++...                  q - +2 pair of boots
Stlth    ..........             Y - amulet of faith
HPRegen  0.28/turn              u - +3 ring of dexterity
MPRegen  0.13/turn              (no ring)

@: no status effects
A: retaliatory headbutt, horns 2
a: Berserk, Trog's Hand, Brothers in Arms, Renounce Religion


You were on level 12 of the Dungeon.
You worshipped Trog.
Trog was extremely pleased with you.
You were hungry.

You visited 2 branches of the dungeon, and saw 14 of its levels.
You also visited: Bailey.

You collected 784 gold pieces.

Inventory:

Hand Weapons
 a - a +4 battleaxe (weapon)
 b - a +5 quarterstaff of chaos
 U - a +7 falchion of holy wrath
 X - a +2 halberd of freezing
Missiles
 e - 364 stones
 f - 252 arrows
 k - 149 bolts
 v - 19 poisoned darts
 I - 10 silver javelins
 J - 7 curare-tipped darts
 K - 8 boomerangs (quivered)
 P - 54 sling bullets
 T - 3 throwing nets
 V - 3 javelins
Armour
 o - a +0 cloak (worn)
 q - a +2 pair of boots (worn)
 E - the +4 scale mail of Inevitability (worn) {rN+ MR++}
   (You found it on level 4 of the Dungeon)

   It protects you from negative energy.
   It affects your resistance to hostile enchantments.
 M - a +1 pair of gloves (worn)
 W - the +1 robe of Idwem {+Blink rCorr}
   (You found it on level 12 of the Dungeon)

   It lets you blink.
   It provides partial protection from all sources of acid and corrosion.
Jewellery
 u - a +3 ring of dexterity (left hand)
 Y - an amulet of faith (around neck)
Wands
 d - a wand of scattershot (3)
 r - a wand of enslavement (1)
 x - a wand of flame (46)
 C - a wand of iceblast (4)
Scrolls
 g - 4 scrolls of enchant weapon
 h - 3 scrolls of enchant armour
 j - 2 scrolls of amnesia
 m - a scroll of fear {unknown}
 p - 3 scrolls of random uselessness
 s - 6 scrolls of remove curse
 w - a scroll of magic mapping
 y - 3 scrolls of teleportation
 L - 2 scrolls of noise {unknown}
 O - 3 scrolls of fog {unknown}
 Q - 2 scrolls of silence
 S - a scroll of blinking {unknown}
Potions
 i - a potion of heal wounds
 l - a potion of invisibility
 n - 5 potions of brilliance
 t - a potion of lignification
 z - 2 potions of ambrosia
 A - a potion of might
 B - 3 potions of curing
 D - 2 potions of degeneration {unknown}
 F - a potion of agility
 G - 2 potions of magic {unknown}
 H - 2 potions of berserk rage
 N - a potion of flight
 R - 2 potions of mutation {unknown}
Comestibles
 c - 21 rations


   Skills:
 + Level 12.8 Fighting
 + Level 9.6(9.9) Axes
 - Level 3.4(7.0) Polearms
 + Level 12.7 Armour
 + Level 10.4 Dodging
 + Level 1.1 Stealth
   Level 2.3 Shields
 + Level 2.3 Evocations


You had 11 spell levels left.
You didn't know any spells.
Your spell library contained the following spells:

 Spells                   Type           Power        Failure   Level  Hunger
 Animate Skeleton         Necr           N/A          71%         1    ##.....
 Apportation              Tloc           #.....       71%         1    ##.....
 Confusing Touch          Hex            #.....       71%         1    ##.....
 Infusion                 Chrm           #...         71%         1    ##.....
 Summon Small Mammal      Summ           #...         71%         1    ##.....
 Shroud of Golubria       Chrm/Tloc      #.....       85%         2    ###....
 Song of Slaying          Chrm           #.......     85%         2    ###....
 Regeneration             Chrm/Necr      #.........   97%         3    ####...
 Spectral Weapon          Hex/Chrm       #.......     97%         3    ####...


Dungeon Overview and Level Annotations

Branches:
Dungeon (13/15)            Temple (1/1) D:4            Lair (0/6) D:9
    Orc (0/2) D:11
 Vaults: D:13-14

Altars:
Ashenzari
Cheibriados
Dithmenos
Elyvilon
Fedhas
Gozag
Hepliaklqana
Kikubaaqudgha
Makhleb
Nemelex Xobeh
Okawaru
Qazlal
Ru
Sif Muna
Trog
Uskayaw
Vehumet
Wu Jian
Xom
Yredelemnul
Zin
The Shining One


Innate Abilities, Weirdness & Mutations

You reflexively headbutt those who attack you in melee.
You have a pair of horns on your head.


Message History

You destroy the skeletal warrior!
Trog accepts your kill.
You hit the skeletal warrior.
The skeletal warrior hits you but does no damage.
The skeletal warrior hits you with a +0 battleaxe!
* * * LOW HITPOINT WARNING * * *
You slash the skeletal warrior!
The skeletal warrior is almost destroyed.
You hit the skeletal warrior but do no damage.
The skeletal warrior hits you but does no damage.
The skeletal warrior hits you with a +0 battleaxe!
* * * LOW HITPOINT WARNING * * *
You feel much better.
The skeletal warrior hits you with a +0 flail!
* * * LOW HITPOINT WARNING * * *
You closely miss the skeletal warrior.
The skeletal warrior is almost destroyed.
You hit the skeletal warrior but do no damage.
The skeletal warrior hits you with a +0 battleaxe!!
You die...

#......#............
#...#..#...######...
#...#..#####........
#...#......#........
#...#......#........
#...##'#...#........
#####+#..#...######...
#........#........#...
#....@z..#............
#...z)#..#............
........#..#........####
.....#..####........#...
..#..#..# #........#...
# #. #..# #........#...
# #..+ #........#...
#..# #........#...
########........#...


You could see 2 skeletal warriors.

Vanquished Creatures
  Harold (D:11)
  A two-headed ogre (D:12)
  A skeletal warrior (D:12)
  The ghost of mudmudhug the Destroyer, a novice DECj of Vehumet (D:8)
  An unseen horror (D:12)
  Pikel (D:9)
  An orc knight (Bailey)
  A manticore (D:12)
  5 slime creatures (D:12)
  An ugly thing (D:12)
  A centaur skeleton (D:11)
  3 trolls
  Prince Ribbit (D:5)
  Grinder (D:4)
  A hippogriff (D:11)
  A dream sheep (Bailey)
  7 yaks
  Eustachio (D:4)
  A hungry ghost (D:12)
  Menkaure (D:5)
  A phantom (D:7)
  3 ice beasts
  A black bear (D:7)
  11 orc warriors
  4 sky beasts
  A necrophage (D:8)
  A wolf (D:9)
  7 ogres
  A crocodile (D:11)
  8 centaurs
  A big kobold (D:10)
  5 bullfrogs
  A wyvern skeleton (D:7)
  A scorpion (D:10)
  2 wights (D:11)
  23 killer bees
  6 howler monkeys
  8 electric eels
  4 bullfrog zombies
  4 crimson imps
  2 quasits
  3 jellies
  15 hounds
  2 orc priests (D:11)
  Crazy Yiuf (D:2)
  2 bullfrog skeletons
  18 orc wizards
  Jessica (D:2)
  6 iguanas
  9 worker ants
  A hound skeleton (D:11)
  A worker ant zombie (D:3)
  4 gnolls (D:10)
  11 adders
  2 shadow imps
  2 oozes (D:1)
  2 adder skeletons (D:5)
  An adder zombie (D:8)
  2 worms
  A dart slug (D:2)
  6 leopard geckos
  43 orcs
  2 ball pythons
  5 giant cockroaches
  10 goblins
  11 hobgoblins
  9 jackals
  13 kobolds
  3 quokkas
  2 bats
  4 frilled lizards
  2 leopard gecko skeletons
  2 quokka skeletons (D:5)
  4 rats
327 creatures vanquished.

Vanquished Creatures (collateral kills)
  4 wights
  A bullfrog zombie (D:11)
  An orc wizard (D:11)
  An adder (D:8)
  An ooze (D:3)
  An orc (D:11)
  A hobgoblin (D:3)
  A jackal (D:11)
  A bat (D:3)
12 creatures vanquished.

Vanquished Creatures (others)
  A bullfrog zombie (D:7)
1 creature vanquished.

Grand Total: 340 creatures vanquished

Notes
Turn   | Place    | Note
-------+----------+-------------------------------------------
     0 | D:1      | snetch the Minotaur Berserker began the quest for the Orb.
     0 | D:1      | Reached XP level 1. HP: 19/19 MP: 0/0
    47 | D:1      | Reached XP level 2. HP: 27/27 MP: 1/1
   228 | D:1      | Reached XP level 3. HP: 34/34 MP: 2/2
   340 | D:2      | Noticed Jessica
   344 | D:2      | Reached ** piety under Trog
   354 | D:2      | Killed Jessica
   354 | D:2      | Reached skill level 5 in Fighting
   360 | D:2      | Reached XP level 4. HP: 22/42 MP: 3/3
   902 | D:2      | Found a burning altar of Makhleb.
  1167 | D:2      | Found a runed translucent door.
  1168 | D:2      | Noticed Crazy Yiuf
  1178 | D:2      | Killed Crazy Yiuf
  1178 | D:2      | Reached XP level 5. HP: 8/50 MP: 4/4
  1531 | D:3      | Found a blossoming altar of Fedhas.
  1548 | D:3      | Found a snail-covered altar of Cheibriados.
  1860 | D:3      | Reached *** piety under Trog
  2008 | D:4      | Noticed an ogre
  2013 | D:4      | Killed an ogre
  2013 | D:4      | Reached skill level 5 in Armour
  2013 | D:4      | Reached XP level 6. HP: 58/58 MP: 5/5
  2095 | D:5      | Entered Level 5 of the Dungeon
  2095 | D:5      | Noticed a sky beast
  2099 | D:5      | Killed a sky beast
  2147 | D:4      | You fall into a shaft and drop 1 floor!
  2185 | D:5      | Noticed a sky beast
  2188 | D:5      | Reached XP level 7. HP: 62/67 MP: 6/6
  2229 | D:4      | Noticed Eustachio
  2237 | D:4      | Killed Eustachio
  2337 | D:4      | Found a staircase to the Ecumenical Temple.
  2348 | D:4      | Noticed Grinder
  2349 | D:4      | Paralysed by Grinder for 5 turns
  2360 | D:4      | Killed Grinder
  2360 | D:4      | Reached XP level 8. HP: 78/78 MP: 7/7
  2698 | D:4      | Got a bloodstained scale mail
  2912 | Temple   | Entered the Ecumenical Temple
  3081 | D:6      | Noticed Prince Ribbit
  3112 | D:5      | Killed Prince Ribbit
  3287 | D:6      | Reached skill level 10 in Fighting
  3327 | D:5      | Found a stormy altar of Qazlal.
  3394 | D:5      | Found an iron altar of Okawaru.
  3500 | D:5      | Found an ancient bone altar of Kikubaaqudgha.
  3517 | D:5      | Noticed Menkaure
  3522 | D:5      | Killed Menkaure
  3537 | D:5      | Found an iron altar of Okawaru.
  3651 | D:5      | Reached **** piety under Trog
  3885 | D:6      | Reached XP level 9. HP: 85/86 MP: 8/8
  3895 | D:6      | Reached skill level 10 in Armour
  4640 | D:7      | Received a gift from Trog
  4727 | D:8      | Found a radiant altar of Vehumet.
  4774 | D:7      | Found a glowing silver altar of Zin.
  5214 | D:8      | Found a transporter.
  5214 | D:8      | Found a transporter.
  5214 | D:8      | Noticed mudmudhug's ghost (novice DECj)
  5787 | D:8      | Reached ***** piety under Trog
  6012 | D:8      | Killed mudmudhug's ghost
  6012 | D:8      | Reached XP level 10. HP: 97/97 MP: 9/9
  6156 | D:10     | Entered Level 10 of the Dungeon
  6164 | D:10     | Reached skill level 5 in Dodging
  6344 | D:10     | Found a flagged portal.
  6396 | Bailey   | Entered a bailey
  6748 | Bailey   | Noticed an orc knight
  6844 | Bailey   | Reached skill level 1 in Polearms
  6864 | Bailey   | Killed an orc knight
  7136 | Bailey   | Noticed an orc knight
  7145 | Bailey   | an orc knight changed into a dream sheep
  7436 | D:9      | Identified the +4 scale mail of Inevitability {rN+ MR++}
                  | (You found it on level 4 of the Dungeon)
  7719 | D:9      | Reached XP level 11. HP: 65/104 MP: 10/10
  7726 | D:9      | Noticed Pikel
  7738 | D:9      | Killed Pikel
  7738 | D:9      | Reached skill level 10 in Dodging
  7738 | D:9      | Reached skill level 1 in Shields
  7739 | D:9      | Found a staircase to the Lair.
  8619 | D:10     | Reached skill level 1 in Evocations
  8903 | D:10     | You fall into a shaft and drop 1 floor!
  8976 | D:11     | Received a gift from Trog
  9213 | D:11     | Found a staircase to the Orcish Mines.
  9218 | D:11     | Received a gift from Trog
  9412 | D:11     | Reached skill level 5 in Axes
  9480 | D:11     | Noticed Harold
  9488 | D:11     | Killed Harold
  9884 | D:12     | Killed an unseen horror
  9884 | D:12     | Reached skill level 1 in Stealth
 10019 | D:12     | Noticed a red ugly thing
 10024 | D:12     | Killed a red ugly thing
 10492 | D:12     | Noticed a two-headed ogre
 10495 | D:12     | Killed a two-headed ogre
 10495 | D:12     | Reached XP level 12. HP: 96/113 MP: 12/12
 10540 | D:12     | Found an opulent altar of Gozag.
 10624 | D:12     | Got a creamy pearl robe
 10635 | D:12     | Identified the +1 robe of Idwem {+Blink rCorr} (You found
                  | it on level 12 of the Dungeon)
 10940 | D:12     | HP: 5/113 [skeletal warrior/+0 battleaxe (8)]
 10942 | D:12     | Mangled by a skeletal warrior

Levels and vault maps discovered:
D:1:      dpeg_arrival_arbitrary_b, layout_rooms
D:2:      layout_rooms, lightli_temple_of_fire, minmay_stone_trees_small,
          uniq_crazy_yiuf_cottage, uniq_jessica
D:3:      minmay_razor_zed, layout_rooms, nicolae_overflow_crystal_walls,
          first_ration, fedhas_altar_3
D:4:      layout_loops_ring, temple_doors_e, uniq_grinder, uniq_eustachio
D:5:      wander_river, layout_rooms, okawaru_metal_pillars_3,
          kiku_gazebo_garden_becter, lemuel_doored_altar, basic_altar,
          serial_bayou_pond_e, uniq_menkaure
D:6:      layout_cave_pools, uniq_prince_ribbit1
D:7:      layout_basic, old_standard_altar, grunt_ogre_cave
D:8:      layout_gridville, basic_altar, gammafunk_ghost_arena
D:9:      layout_loops_corners, erik_lair_island, uniq_pikel
D:10:     layout_cave_pools, enter_bailey_2
D:11:     layout_irregular_city, erik_orc_2, uniq_harold
D:12:     layout_grid_maze, grunt_gozag_breadcrumbs
D:13:     layout_roguey, hangedman_vaults_entry_quadrant_bands
Temple:   eino_temple_rhombus

Skill      XL: |  1  2  3  4  5  6  7  8  9 10 11 |
---------------+----------------------------------+-----
Fighting       | 4 5 6 7 9 10 12 | 12.8
Armour         | 3 4 5 6 7 9 12 | 12.7
Dodging        | 4 9 10 | 10.4
Polearms       | 3 |  3.4
Shields        | 2 |  2.3
Evocations     | 2 |  2.3
Axes           | 9 |  9.6
Stealth        | 1 |  1.1

Action                   |  1- 3 |  4- 6 |  7- 9 | 10-12 || total
-------------------------+-------+-------+-------+-------++-------
Melee: Hand axe          |    53 |    74 |       |       ||   127
       Headbutt          |     3 |    18 |    55 |    82 ||   158
       Quarterstaff      |       |    57 |   237 |    74 ||   368
       War axe           |       |       |     5 |       ||     5
       Spear             |       |       |       |    59 ||    59
       Falchion          |       |       |       |    67 ||    67
       Battleaxe         |       |       |       |   154 ||   154
Throw: Throwing net      |       |       |     1 |     1 ||     2
       Boomerang         |       |       |       |    15 ||    15
       Javelin           |       |       |       |     5 ||     5
Invok: Trog's Hand       |       |       |     2 |     6 ||     8
       Berserk           |       |       |     1 |     3 ||     4
       Brothers in Arms  |       |       |     1 |     1 ||     2
Evoke: Wand              |       |       |       |    33 ||    33
  Use: Scroll            |       |     7 |     6 |     4 ||    17
       Potion            |       |     1 |       |     1 ||     2
 Stab: Paralysed         |       |       |     1 |     1 ||     2
       Held in net/web   |       |       |       |     3 ||     3
  Eat: Chunk             |       |     4 |    10 |    23 ||    37
       Ration            |       |       |     1 |       ||     1
Armor: Animal skin       |     1 |       |       |       ||     1
       Plate armour      |    33 |    17 |       |       ||    50
       Chain mail        |       |    64 |   231 |    82 ||   377
       Scale mail        |       |       |       |   176 ||   176
Dodge: Dodged            |    27 |    57 |   159 |   436 ||   679
Block: Buckler           |     1 |     4 |       |       ||     5
       Shield            |       |       |       |    62 ||    62
       Rpst.: Falchion   |       |       |       |    17 ||    17

Table legend:
 A = Non-vault XP
 B = Vault XP
 C = Vault XP percentage of total XP
 D = Non-vault monster count
 E = Vault monster count
 F = Vault count percentage of total count
                 A         B        C        D         E       F
            +---------+---------+-------+---------+---------+-------
      Total |   16898 |    6301 |  27.2 |     277 |      63 |  18.5
            +---------+---------+-------+---------+---------+-------
        D:1 |      56 |       0 |   0.0 |      26 |       0 |   0.0
        D:2 |      61 |      78 |  56.1 |      17 |       2 |  10.5
        D:3 |      84 |      72 |  46.2 |      18 |      10 |  35.7
        D:4 |     293 |     485 |  62.3 |      10 |       2 |  16.7
        D:5 |     584 |     455 |  43.8 |      18 |       2 |  10.0
        D:6 |     971 |       0 |   0.0 |      20 |       0 |   0.0
        D:7 |    1286 |     121 |   8.6 |      31 |       1 |   3.1
        D:8 |     704 |     724 |  50.7 |      13 |       6 |  31.6
        D:9 |     555 |    1269 |  69.6 |      12 |       9 |  42.9
       D:10 |    3308 |       0 |   0.0 |      42 |       0 |   0.0
       D:11 |    3646 |    1851 |  33.7 |      56 |      22 |  28.2
       D:12 |    5350 |       0 |   0.0 |      14 |       0 |   0.0
     Bailey |       0 |    1246 | 100.0 |       0 |       9 | 100.0
            +---------+---------+-------+---------+---------+-------
